Map: [ESL] Royal Blood

Players

Rex

  • Race: Zerg Zerg
  • Spawn Location: 1:00

Cyan - Winner!

  • Race: Protoss Protoss
  • Spawn Location: 7:00

Event: ESL SC2 Masters 2023 Summer (Regionals)

VOD

Have the link to the VOD?

Description

Time

  • Played on: May 9, 2023, 7:37 a.m.
  • Length: 19:08

All games in this series

Show
View Real Time Build Order
Export as new Build Order

Rex Zerg 

Build Orders: Hatch First 

Get SALT Encoding   

  12  0:00  Drone  
  13  0:12  Overlord  
  13  0:17  Drone  
  14  0:30  Drone x2  
  16  0:48  Hatchery  
  15  0:51  Drone  
  15  0:55  Drone  
  17  0:58  Drone  
  18  1:09  Extractor  
  17  1:14  Spawning Pool  
  17  1:16  Drone  
  17  1:19  Drone  
  18  1:27  Drone  
  19  1:38  Drone  
  20  1:49  Overlord  
  20  2:00  Queen  
  20  2:01  Queen, Zergling x4  
  26  2:11  Drone x2  
  26  2:12  Metabolic Boost  
  28  2:22  Drone x2  
  30  2:37  Hatchery  
  30  2:42  Queen  
  30  2:44  Drone  
  32  2:45  Drone  
  32  2:49  Overlord  
  33  2:57  Drone  
  33  2:59  Spore Crawler  
  33  3:02  Drone  
  33  3:06  Drone x3  
  33  3:12  Queen  
  38  3:15  Overlord  
  38  3:18  Drone  
  40  3:22  Drone x2  
  42  3:27  Queen  
  42  3:33  Overlord  
  44  3:37  Drone x2  
  44  3:38  Drone  
  47  3:44  Drone x4  
  47  3:47  Drone  
  52  3:51  Queen  
  52  3:54  Drone  
  55  3:57  Overlord  
  55  4:05  Drone x5  
  55  4:07  Spore Crawler  
  59  4:10  Spore Crawler  
  59  4:17  Overlord  
  57  4:18  Evolution Chamber  
  57  4:19  Spore Crawler  
  57  4:22  Zergling x4  
  57  4:24  Overlord  
  57  4:26  Overlord  
  58  4:32  Zergling x8  
  58  4:35  Drone x2  
  61  4:40  Drone x2  
  61  4:43  Drone  
  63  4:48  Lair  
  63  4:49  Drone  
  63  4:50  Extractor, Drone  
  64  4:54  Drone x3  
  64  4:57  Drone x2  
  69  5:06  Drone x2, Roach Warren  
  70  5:09  Extractor  
  70  5:11  Extractor  
  70  5:13  Zergling x8  
  71  5:16  Overlord  
  71  5:17  Drone  
  71  5:30  Drone  
  70  5:41  Drone  
  70  5:42  Drone x2  
  69  5:48  Roach x8  
  85  5:55  Overlord  
  85  5:56  Queen  
  87  5:57  Zergling x10  
  87  6:00  Roach x2  
  87  6:01  Overlord  
  96  6:08  Zergling x6  
  99  6:13  Ravager x3  
  99  6:14  Zergling x2  
  99  6:15  Ravager  
  103  6:20  Zergling x6  
  103  6:23  Ravager  
  103  6:24  Zergling x4  
  109  6:29  Zergling x4  
  111  6:35  Zergling x2  
  111  6:36  Zergling x4  
  114  6:45  Zergling x6  
  113  6:49  Drone, Zergling x2  
  113  6:50  Ravager  
  113  6:53  Zergling x4, Ravager x3  
  115  6:59  Zergling x4  
  114  7:02  Queen x2  
  114  7:05  Zergling x6  
  114  7:14  Zergling x2  
  114  7:15  Zergling x4  
  110  7:23  Zergling x2  
  110  7:27  Zergling x4  
  107  7:30  Ravager  
  107  7:36  Zergling x10  
  110  7:43  Zergling x2  
  108  7:48  Zergling x4  
  110  7:55  Zergling x4  
  111  8:04  Zergling x8  
  109  8:09  Zergling x2  
  109  8:10  Zergling x4  
  101  8:19  Zergling x2  
  102  8:20  Zergling x10  
  102  8:26  Drone, Zergling x2  
  105  8:27  Drone, Zergling x2  
  105  8:29  Hatchery  
  103  8:35  Zergling x4  
  99  8:42  Drone, Zergling x2  
  99  8:44  Zergling x2  
  99  8:45  Glial Reconstitution  
  99  8:48  Roach x3  
  104  8:50  Evolution Chamber  
  100  8:57  Drone, Zergling x2  
  100  9:00  Zergling x8  
  99  9:05  Zergling x4  
  99  9:07  Infestation Pit  
  97  9:12  Drone  
  98  9:21  Zerg Missile Weapons Level 1  
  98  9:24  Roach x7  
  112  9:30  Baneling Nest  
  111  9:33  Drone x7  
  111  9:35  Evolution Chamber  
  117  9:39  Roach x2  
  121  9:46  Hive  
  121  9:47  Drone x6  
  127  9:56  Zergling x4  
  127  9:58  Drone x2  
  127  10:06  Overlord  
  127  10:07  Overlord x4  
  127  10:10  Zerg Melee Weapons Level 1  
  127  10:12  Spore Crawler  
  127  10:13  Drone x2  
  128  10:27  Drone x6  
  134  10:29  Drone x5  
  134  10:34  Zergling x8  
  134  10:35  Baneling x6  
  143  10:36  Baneling  
  143  10:37  Ravager  
  143  10:40  Roach x2  
  148  10:45  Roach x3  
  148  10:48  Roach x2  
  158  10:52  Baneling x4  
  158  10:56  Roach  
  159  10:57  Overlord  
  159  11:00  Adrenal Glands  
  159  11:01  Centrifugal Hooks  
  158  11:07  Overlord x2  
  158  11:09  Baneling x2  
  158  11:10  Baneling x2  
  158  11:18  Zergling x10  
  158  11:19  Zergling x10  
  158  11:23  Overlord x3  
  158  11:25  Zerg Missile Weapons Level 2  
  168  11:39  Zergling x2  
  171  11:40  Zergling x26  
  176  11:47  Hatchery  
  176  11:48  Viper  
  176  11:53  Viper x2  
  184  11:59  Extractor  
  184  12:00  Zergling x12  
  184  12:01  Extractor  
  191  12:05  Zergling x8  
  191  12:06  Zergling x2  
  191  12:07  Zergling x2  
  197  12:11  Baneling x8  
  197  12:15  Zergling x2  
  197  12:16  Zergling x4  
  197  12:19  Zerg Melee Weapons Level 2  
  197  12:20  Zergling x6  
  200  12:29  Baneling x2  
  200  12:30  Baneling x5  
  199  12:43  Baneling x13  
  199  12:53  Zergling x6  
  193  13:03  Zergling x18  
  197  13:06  Zergling x2  
  197  13:07  Zergling x4  
  197  13:23  Zergling x28  
  161  13:28  Zergling x18  
  156  13:35  Zergling x4  
  156  13:38  Roach x4  
  156  13:39  Baneling x5  
  162  13:43  Baneling x8  
  162  13:44  Roach  
  162  13:45  Roach x2  
  168  13:53  Roach x8  
  171  13:58  Roach  
  171  14:02  Roach x4  
  157  14:06  Roach x5  
  147  14:12  Roach x2  
  149  14:19  Roach x3  
  149  14:24  Zergling x2  
  149  14:25  Zergling x4  
  153  14:31  Zergling x8  
  155  14:42  Zergling x12  
  160  14:48  Zergling x10  
  165  14:55  Baneling x2  
  161  15:05  Zergling x8  
  161  15:06  Zergling x8  
  168  15:14  Hatchery  
  168  15:17  Ravager x3  
  168  15:18  Zergling x4  
  172  15:26  Zergling x8  
  176  15:45  Zergling x14  
  176  15:46  Zergling x6  
  176  15:47  Baneling x2  
  185  16:07  Hatchery, Zergling x8  
  185  16:10  Baneling x4  
  186  16:22  Zergling x2  
  186  16:23  Zergling x10  
  190  16:31  Drone  
  190  16:33  Overseer  
  190  16:37  Drone x6  
  193  16:41  Drone x2  
  193  16:44  Drone  
  189  16:55  Baneling x10  
  189  17:05  Zergling x14  
  190  17:08  Zergling x2  
  190  17:09  Zergling x2  
  190  17:10  Ravager  
  190  17:11  Ravager x3  
  192  17:30  Zergling x16  
  192  17:36  Baneling  
  192  17:37  Baneling x13  
  200  17:39  Baneling x3  
  172  18:14  Roach x9, Zergling x18  
  169  18:27  Spire  
  169  18:31  Zergling x18  
  169  18:33  Ravager  
  169  18:34  Ravager x3  
Show
View Real Time Build Order
Export as new Build Order

Cyan Protoss - Winner!

Build Orders: 1 Gate Expand, Oracle Opening, Chargelot Immortal 

Get SALT Encoding   

  12  0:00  Probe  
  13  0:12  Pylon  
  13  0:17  Probe (Chrono Boost)  
  14  0:27  Probe (Chrono Boost)  
  15  0:32  Probe (Chrono Boost)  
  16  0:42  Gateway  
  16  0:44  Probe  
  17  0:50  Assimilator  
  17  0:56  Probe  
  18  1:08  Probe  
  19  1:20  Probe  
  20  1:26  Nexus  
  20  1:36  Cybernetics Core  
  20  1:38  Probe  
  21  1:44  Assimilator  
  21  1:51  Probe  
  22  1:54  Pylon  
  22  2:03  Probe (Chrono Boost)  
  23  2:10  Adept (Chrono Boost)  
  23  2:12  Warp Gate  
  23  2:13  Probe (Chrono Boost)  
  26  2:18  Probe (Chrono Boost)  
  27  2:24  Stargate  
  27  2:32  Probe (Chrono Boost)  
  27  2:34  Stalker  
  30  2:39  Probe (Chrono Boost)  
  32  2:48  Probe x2 (Chrono Boost)  
  33  2:53  Probe (Chrono Boost)  
  33  2:55  Probe  
  35  3:05  Probe  
  36  3:06  Oracle (Chrono Boost)  
  36  3:07  Probe  
  36  3:08  Adept  
  36  3:12  Pylon  
  42  3:17  Probe  
  42  3:19  Probe  
  44  3:22  Gateway  
  44  3:29  Probe  
  44  3:31  Probe  
  44  3:33  Oracle (Chrono Boost)  
  49  3:41  Probe  
  49  3:43  Probe  
  51  3:50  Nexus  
  51  3:53  Pylon  
  51  3:56  Probe  
  51  3:58  Probe  
  53  4:04  Pylon  
  53  4:11  Adept, Oracle  
  53  4:12  Probe  
  59  4:17  Adept  
  59  4:19  Probe  
  59  4:22  Pylon  
  62  4:24  Probe  
  62  4:25  Assimilator  
  62  4:27  Assimilator  
  62  4:28  Shield Battery  
  62  4:31  Probe  
  64  4:36  Probe  
  65  4:43  Probe  
  66  4:48  Probe  
  66  4:49  Forge  
  66  4:51  Sentry x2  
  71  4:54  Pylon x2  
  71  4:55  Probe  
  71  4:58  Pylon  
  72  5:01  Probe, Shield Battery  
  72  5:06  Probe  
  74  5:07  Probe  
  74  5:09  Robotics Facility  
  74  5:13  Probe  
  76  5:16  Protoss Ground Weapons Level 1 (Chrono Boost)  
  76  5:17  Stalker  
  76  5:18  Probe, Stalker  
  76  5:19  Probe  
  82  5:25  Probe  
  83  5:30  Probe (Chrono Boost)  
  83  5:31  Probe (Chrono Boost)  
  85  5:40  Probe (Chrono Boost)  
  85  5:41  Stalker x2  
  85  5:42  Probe (Chrono Boost)  
  91  5:44  Probe (Chrono Boost)  
  91  5:46  Twilight Council  
  91  5:47  Pylon  
  93  5:50  Probe (Chrono Boost)  
  93  5:52  Probe (Chrono Boost), Gateway  
  93  5:53  Probe (Chrono Boost)  
  93  5:56  Probe, Gateway  
  95  5:58  Observer  
  95  6:00  Probe  
  95  6:01  Gateway  
  95  6:03  Assimilator  
  98  6:04  Assimilator  
  98  6:06  Oracle (Chrono Boost)  
  98  6:10  Probe  
  102  6:11  Pylon  
  102  6:17  Probe, Photon Cannon  
  102  6:18  Stalker  
  105  6:21  Stalker  
  105  6:23  Immortal (Chrono Boost)  
  107  6:28  Probe  
  112  6:43  Sentry  
  112  6:45  Shield Battery  
  111  6:47  Shield Battery  
  111  6:52  Stalker x3  
  115  6:57  Zealot  
  115  7:01  Shield Battery  
  121  7:04  Cybernetics Core  
  121  7:08  Immortal (Chrono Boost)  
  107  7:16  Zealot x2  
  107  7:17  Zealot  
  107  7:21  Pylon  
  110  7:22  Pylon  
  104  7:30  Zealot x2  
  104  7:32  Oracle  
  109  7:40  Pylon, Protoss Ground Weapons Level 2 (Chrono Boost)  
  109  7:44  Pylon, Charge  
  107  7:48  Zealot x2, Gateway  
  107  7:50  Zealot x2, Gateway  
  107  7:51  Immortal (Chrono Boost)  
  115  7:53  Gateway  
  115  7:55  Pylon, Gateway  
  111  8:09  Zealot x2, Oracle  
  104  8:20  Robotics Facility  
  104  8:22  Immortal (Chrono Boost)  
  104  8:25  Zealot x2  
  110  8:27  Shield Battery  
  110  8:28  Shield Battery  
  110  8:30  Pylon  
  110  8:34  Zealot x2  
  107  8:47  Stalker x2  
  101  8:51  Stalker x2  
  101  9:00  Immortal (Chrono Boost)  
  101  9:01  Stalker x3  
  105  9:06  Stalker  
  109  9:11  Robotics Bay  
  109  9:14  Pylon, Zealot x2  
  109  9:16  Immortal (Chrono Boost)  
  113  9:20  Zealot x2  
  117  9:26  Templar Archives  
  117  9:27  Zealot  
  117  9:31  Observer (Chrono Boost)  
  119  9:36  Pylon  
  119  9:37  Zealot x3  
  126  9:43  Pylon  
  126  9:46  Sentry  
  126  9:49  Immortal  
  132  9:55  Protoss Ground Weapons Level 3 (Chrono Boost)  
  126  10:01  Zealot x5  
  126  10:05  High Templar x2  
  140  10:10  Archon  
  140  10:12  High Templar  
  142  10:16  Warp Prism  
  144  10:21  High Templar  
  144  10:22  High Templar  
  144  10:25  High Templar, Archon  
  150  10:32  Archon  
  150  10:34  Nexus  
  150  10:35  Photon Cannon  
  150  10:37  Shield Battery  
  150  10:38  High Templar x2  
  150  10:42  Pylon  
  154  10:47  Archon  
  157  10:52  Disruptor (Chrono Boost)  
  157  10:53  Probe x2  
  157  10:54  Zealot  
  157  10:55  Zealot x2  
  165  10:58  Disruptor (Chrono Boost)  
  168  11:07  Gateway  
  168  11:09  Gateway  
  168  11:12  Gateway  
  168  11:13  Probe  
  168  11:16  Probe  
  170  11:19  High Templar  
  170  11:25  Pylon  
  171  11:43  Disruptor  
  171  11:44  High Templar  
  173  11:49  Archon  
  173  11:52  Disruptor  
  179  11:55  Pylon  
  179  11:57  Assimilator  
  179  11:58  Stalker  
  179  12:00  Assimilator  
  179  12:01  Zealot x7  
  195  12:10  Protoss Shields Level 1 (Chrono Boost)  
  195  12:14  Photon Cannon  
  195  12:15  Photon Cannon  
  195  12:17  Forge, Shield Battery  
  195  12:18  Pylon  
  195  12:30  Photon Cannon  
  195  12:33  Photon Cannon  
  195  12:34  Pylon  
  195  12:35  Stalker  
  197  12:44  Protoss Ground Armor Level 1 (Chrono Boost)  
  197  12:55  Fleet Beacon  
  197  12:57  Stargate  
  185  13:01  Pylon  
  177  13:08  Protoss Air Weapons Level 1  
  177  13:16  Zealot x6  
  177  13:17  Zealot x4  
  193  13:23  Disruptor  
  157  13:31  Zealot  
  157  13:33  Disruptor  
  165  13:41  High Templar  
  165  13:42  High Templar x8, Blink (Chrono Boost)  
  165  13:45  Archon  
  165  13:46  Archon x3  
  183  13:52  High Templar  
  169  14:04  Archon  
  169  14:06  Zealot  
  151  14:10  Protoss Shields Level 2 (Chrono Boost)  
  151  14:21  Nexus  
  151  14:22  Zealot  
  151  14:23  Zealot x5  
  156  14:24  Pylon  
  156  14:26  Dark Shrine  
  156  14:30  Probe  
  157  14:33  Probe  
  157  14:34  Probe x2  
  157  14:40  Assimilator  
  157  14:43  Probe  
  157  14:45  Probe  
  146  14:46  Probe x2  
  146  14:49  High Templar x3  
  146  14:51  High Templar  
  144  14:56  Archon x2  
  144  14:58  High Templar x2  
  145  15:11  Probe x3  
  145  15:12  Probe  
  149  15:16  Photon Cannon  
  149  15:23  Assimilator  
  149  15:24  Photon Cannon  
  149  15:25  Shield Battery  
  149  15:34  Zealot x3  
  152  15:38  High Templar x3  
  152  15:40  High Templar  
  160  15:50  High Templar, Archon x2  
  160  15:51  High Templar x2  
  160  15:52  High Templar  
  160  15:55  Archon  
  160  15:56  Dark Templar, Archon  
  164  16:01  Zealot x2  
  168  16:10  Dark Templar  
  168  16:18  Zealot  
  168  16:19  Zealot x2  
  163  16:28  Archon  
  163  16:29  Probe x5  
  163  16:30  Photon Cannon  
  163  16:31  High Templar x2  
  172  16:36  Carrier (Chrono Boost)  
  182  16:54  Zealot  
  182  16:58  Carrier (Chrono Boost)  
  183  17:02  Observer x2  
  185  17:11  Zealot  
  185  17:12  Zealot  
  189  17:21  Carrier (Chrono Boost)  
  187  17:27  Observer  
  187  17:28  Observer  
  191  17:32  Zealot x4  
  199  18:00  Colossus  
  192  18:13  Stalker x4  
  175  18:21  Probe  
  175  18:22  High Templar x3  
  175  18:24  High Templar  
  175  18:26  Zealot x2, Dark Templar  
  164  18:28  Archon  
  164  18:29  Probe x3, Archon  
  167  18:40  Zealot x4  
  150  18:59  Zealot x6  
Tags
 
Add a new tag
Caveats
  • Supply blocks, unpowered buildings, or Contaminate may cause inaccurate times.
  • Supply counts are checked every 10 seconds.